[Event "Titled Tuesday Blitz November 15 Early 2022"]
[White "Biastoch, Bennet"]
[Black "Nielsen, Viktor Haarmark"]
[WhiteFideId "12939889"]
[BlackFideId "1444492"]
[WhiteElo "2221"]
[BlackElo "2345"]
[Result "1-0"]
[Round "10"]
[TimeControl "180+1"]
[Date "2022.11.16"]
[WhiteClock "0:00:46"]
[BlackClock "0:00:02"]

1. Nf3 Nf6 2. g3 g6 3. Bg2 Bg7 4. O-O O-O 5. d4 d5 6. c3 b6 7. Bf4 Bb7 8. Nbd2 Nbd7 9. Ne5 c5 10. Ndf3 Ne4 11. a4 Nxe5 12. Bxe5 Bxe5 13. Nxe5 cxd4 14. cxd4 Qd6 15. Qd3 Rfc8 16. Rfc1 Qb4 17. b3 Rc3 18. Rxc3 Qxc3 19. Qxc3 Nxc3 20. e3 Rc8 21. Bf1 Ne4 22. a5 Nd2 23. axb6 axb6 24. Ra7 Rc1 25. Rxb7 Nxf1 26. Kg2 Kf8 27. Rb8+ Kg7 28. Rxb6 Nd2 29. Rb7 Kf8 30. b4 Rc2 31. Rb8+ Kg7 32. Rb7 Kf8 33. Nd7+ Kg7 34. Nc5 h5 35. Rxe7 Rb2 36. Rb7 Nc4 37. b5 Nxe3+ 38. Kf3 Nc4 39. h4 Nd6 40. Rd7 Nxb5 41. Rxd5 Rd2 42. Ke3 Rb2 43. Nd3 Rb3 44. Rc5 Nc3 45. d5 Na4 46. Ra5 Nb2 47. Kd2 Rxd3+ 48. Kc2 Nc4 49. Rc5 Rd4 50. Kc3 1-0


[Site "https://www.chess.com"]

[Event "Titled Tuesday Blitz November 15 Early 2022"]
[White "Bluebaum, Matthias"]
[Black "Firouzja, Alireza"]
[WhiteFideId "24651516"]
[BlackFideId "12573981"]
[WhiteElo "2633"]
[BlackElo "2903"]
[Result "0-1"]
[Round "10"]
[TimeControl "180+1"]
[Date "2022.11.15"]
[WhiteClock "0:00:07"]
[BlackClock "0:00:16"]

1. d4 Nf6 2. c4 g6 3. Nc3 Bg7 4. e4 d6 5. Nf3 O-O 6. Be2 e5 7. Be3 Ng4 8. Bg5 f6 9. Bh4 Nc6 10. d5 Ne7 11. Nd2 h5 12. h3 Nh6 13. g4 hxg4 14. hxg4 Nf7 15. f3 c6 16. Qc2 Ng5 17. O-O-O Bh6 18. Kb1 c5 19. Bg3 Nf7 20. Rh2 Kg7 21. Rdh1 Rh8 22. Nb3 Bd7 23. Qd1 Qc7 24. Qf1 Bf4 25. Rxh8 Rxh8 26. Rxh8 Nxh8 27. Be1 Nf7 28. Nc1 Qd8 29. Nd3 Be3 30. Qh1 a6 31. a4 Bd4 32. Bd2 Bxc3 33. Bxc3 Bxa4 34. f4 g5 35. fxe5 fxe5 36. Ne1 Ng6 37. Ng2 Nf4 38. Bf3 Qh8 39. Qxh8+ Kxh8 40. Ne3 Bb3 41. Ba5 Ba4 42. Ka2 Bd7 43. b3 b5 44. Kb2 Kg7 45. Bc7 Kf6 46. Ba5 Ke7 47. b4 cxb4 48. Kb3 Nd3 49. Kc2 Ne1+ 50. Kb3 Nxf3 51. Kxb4 bxc4 52. Nxc4 Bxg4 53. Nb6 Bd7 54. Na8 g4 55. Nb6 g3 56. Na8 g2 57. Bb6 Nd4 58. Bxd4 exd4 59. e5 Nxe5 60. Ka5 g1=Q 61. Kb6 d3+ 62. Kb7 Qc5 63. Nb6 Nc4 64. Ka7 Qxb6+ 65. Ka8 Qd8+ 66. Ka7 Qc7+ 67. Ka8 Nb6# 0-1


[Site "https://www.chess.com"]

[Event "Titled Tuesday Blitz November 15 Early 2022"]
[White "Boros, Denes"]
[Black "Melian, Juan Sebastian"]
[WhiteFideId "722340"]
[BlackFideId "3706575"]
[WhiteElo "2823"]
[BlackElo "2589"]
[Result "1-0"]
[Round "10"]
[TimeControl "180+1"]
[Date "2022.11.16"]
[WhiteClock "0:00:14"]
[BlackClock "0:00:02"]

1. d4 Nf6 2. Nc3 d6 3. Nf3 Nc6 4. Bg5 g6 5. d5 Nb8 6. Qd2 Bg7 7. Bh6 O-O 8. h4 e6 9. dxe6 fxe6 10. Bg5 Qe8 11. e4 Nbd7 12. O-O-O a6 13. Bd3 b5 14. e5 b4 15. exf6 bxc3 16. Qxc3 Nxf6 17. Qxc7 Qa4 18. Kb1 Nd5 19. Qc4 Qa5 20. Bd2 Qb6 21. Qb3 Qxf2 22. h5 Bd7 23. hxg6 Rab8 24. gxh7+ Kh8 25. Nh4 Ne7 26. Bb4 a5 27. Bxd6 Rxb3 28. axb3 Be8 29. Bxe7 Rf4 30. Bg5 Qd4 31. c3 Qe5 32. Bxf4 Qxf4 33. Bg6 Qf8 34. Rdf1 Qe7 35. Rf3 e5 36. Bxe8 Qxe8 37. Rg3 Bf6 38. Ng6+ Kg7 39. h8=Q+ 1-0


[Site "https://www.chess.com"]

[Event "Titled Tuesday Blitz November 15 Early 2022"]
[White "Budrewicz, Krzysztof"]
[Black "Ilkhomi, Jaloliddin"]
[WhiteFideId "1127950"]
[BlackFideId "14700948"]
[WhiteElo "2187"]
[BlackElo "2045"]
[Result "1-0"]
[Round "10"]
[TimeControl "180+1"]
[Date "2022.11.16"]
[WhiteClock "0:01:04"]
[BlackClock "0:00:56"]

1. d4 Nf6 2. c4 e6 3. Nc3 Bb4 4. e3 O-O 5. Ne2 b6 6. a3 Bxc3+ 7. Nxc3 Bb7 8. Bd3 d5 9. O-O Ne4 10. Bxe4 dxe4 11. b4 Nd7 12. Bb2 Qg5 13. d5 exd5 14. Nxd5 Bxd5 15. Qxd5 Qxd5 16. cxd5 Rfd8 17. Rac1 Rac8 18. Rfd1 f5 19. g4 g6 20. gxf5 gxf5 21. Kh1 Kf7 22. Rc6 Rg8 23. Rdc1 Ke7 24. Rxc7 Rxc7 25. Rxc7 Kd6 26. Rxa7 Ne5 27. Bxe5+ Kxe5 28. Rxh7 Kxd5 29. Ra7 Kc4 30. Rd7 Kb3 31. Rd6 Rb8 32. Rd5 Kxa3 33. b5 Kb4 34. Rxf5 Kc4 35. h4 Kd3 36. Kg2 Ke2 37. Kg3 Rg8+ 38. Kf4 Kxf2 39. Kxe4+ Ke2 40. h5 Rg4+ 41. Kd5 Kxe3 42. Kc6 Ke4 43. Rf6 Ke5 44. Rh6 Rb4 45. Kxb6 Kf5 46. Rh8 Rb1 47. h6 Kg6 48. Kc6 Rd1 49. b6 Rc1+ 50. Kb7 Rb1 51. Kc7 Rc1+ 52. Kb8 Rb1 53. b7 Rb2 54. h7 Kg7 55. Rc8 Kxh7 56. Rc7+ Kg6 57. Kc8 1-0


[Site "https://www.chess.com"]

[Event "Titled Tuesday Blitz November 15 Early 2022"]
[White "Calcada, Lucas Galvan"]
[Black "Szente Varga, Fruzsina"]
[WhiteFideId "22746099"]
[BlackFideId "712264"]
[WhiteElo "1523"]
[BlackElo "1994"]
[Result "1-0"]
[Round "10"]
[TimeControl "180+1"]
[Date "2022.11.16"]
[WhiteClock "0:00:06"]
[BlackClock "0:01:19"]

1. e4 e5 2. Nf3 Nc6 3. Bb5 a6 4. Ba4 Nf6 5. d3 b5 6. Bb3 Be7 7. c3 O-O 8. h3 d5 9. O-O dxe4 10. dxe4 Be6 11. Bxe6 fxe6 12. Qb3 Qc8 13. Re1 Bd6 14. Nbd2 Nh5 15. a4 Rb8 16. axb5 axb5 17. Ng5 Nd8 18. Nf1 h6 19. Nf3 Nf4 20. Ng3 Kh7 21. Qc2 Nxh3+ 22. Kh2 Nf4 23. Rh1 Kg8 24. Bxf4 exf4 25. Ne2 e5 26. Rhd1 Qg4 27. Qd2 Nf7 28. Qd5 Kh7 29. Neg1 Qh5+ 30. Nh3 g5 31. Kg1 g4 32. Nxf4 c6 33. Qxd6 Nxd6 34. Nxh5 gxf3 35. Rxd6 fxg2 36. Ra7+ Kh8 37. Rdd7 Rf4 38. Rh7+ Kg8 39. Rag7+ Kf8 40. Rh8# 1-0


[Site "https://www.chess.com"]

[Event "Titled Tuesday Blitz November 15 Early 2022"]
[White "Callejas Rojas, Francisco Miguel"]
[Black "Howell, David W L"]
[WhiteFideId "32072503"]
[BlackFideId "410608"]
[WhiteElo "2274"]
[BlackElo "2567"]
[Result "0-1"]
[Round "10"]
[TimeControl "180+1"]
[Date "2022.11.16"]
[WhiteClock "0:00:02"]
[BlackClock "0:00:16"]

1. d4 g6 2. e4 Bg7 3. Nc3 c6 4. h3 d5 5. Nf3 dxe4 6. Nxe4 Nf6 7. Nxf6+ exf6 8. Bc4 O-O 9. O-O a5 10. c3 Na6 11. Bf4 Nc7 12. Qc2 Nd5 13. Bg3 a4 14. Rfe1 Be6 15. Nd2 f5 16. Be5 Bh6 17. a3 Re8 18. Bd3 f6 19. Bh2 Bf7 20. Nc4 Rxe1+ 21. Rxe1 f4 22. Nd2 Kg7 23. c4 Nc7 24. Nf3 Qd6 25. g3 fxg3 26. Bxg3 Qd7 27. Kh2 Ne6 28. Qc3 Rd8 29. Bc2 Nf4 30. Ng1 Qxd4 31. Qxd4 Rxd4 32. Bxa4 Kf8 33. b3 Rd3 34. Ne2 Ne6 35. Rc1 Bxc1 0-1


[Site "https://www.chess.com"]

[Event "Titled Tuesday Blitz November 15 Early 2022"]
[White "Chernov, Mikhail"]
[Black "Lehtosaari, Mauri"]
[WhiteFideId "24143170"]
[BlackFideId "501999"]
[WhiteElo "2113"]
[BlackElo "2488"]
[Result "0-1"]
[Round "10"]
[TimeControl "180+1"]
[Date "2022.11.16"]
[WhiteClock "0:00:04"]
[BlackClock "0:00:12"]

1. e4 c5 2. Nf3 e6 3. d4 cxd4 4. Nxd4 Qb6 5. Nb3 Qc7 6. Bd3 Nf6 7. O-O a6 8. c4 h5 9. h3 Nc6 10. Nc3 Ne5 11. Be2 Nxc4 12. Bg5 b5 13. Rc1 Bb7 14. Nd4 Qb6 15. e5 Nd5 16. Bxc4 bxc4 17. Ne4 Rc8 18. Kh1 Nb4 19. Be3 Bxe4 20. Nf5 Qb7 21. Nd6+ Bxd6 22. Qxd6 Bxg2+ 23. Kh2 Bxf1 24. Rxf1 Nd5 25. Bg5 Qc6 26. Qa3 Qc5 27. Qxa6 O-O 28. Rg1 Kh7 29. Qa4 Qxf2+ 30. Rg2 Qf5 31. Qd1 g6 32. Bd2 Qxe5+ 33. Kh1 Ne3 34. Qe2 f5 35. Bxe3 f4 36. Qc2 Qf5 37. Qc3 fxe3 38. Qxe3 Qf1+ 39. Kh2 Qf4+ 40. Qxf4 Rxf4 41. Rd2 d5 42. Kg3 Rf6 43. Re2 Kg7 0-1


[Site "https://www.chess.com"]

[Event "Titled Tuesday Blitz November 15 Early 2022"]
[White "Clawitter, Craig"]
[Black "Flis, Pawel"]
[WhiteFideId "2023105"]
[BlackFideId "1112864"]
[WhiteElo "2199"]
[BlackElo "1817"]
[Result "1-0"]
[Round "10"]
[TimeControl "180+1"]
[Date "2022.11.16"]
[WhiteClock "0:00:13"]
[BlackClock "0:00:03"]

1. e4 c5 2. Nf3 d6 3. d4 Nf6 4. Nc3 cxd4 5. Nxd4 a6 6. Be3 e5 7. Nb3 Be6 8. f3 Be7 9. Qd2 O-O 10. g4 Nbd7 11. O-O-O b5 12. Rg1 b4 13. Nd5 Bxd5 14. exd5 Nb6 15. Na5 Nfxd5 16. Nc6 Qc7 17. Nxe7+ Qxe7 18. Bxb6 Nxb6 19. Qxd6 Qg5+ 20. Qd2 Qe7 21. Bd3 Rad8 22. Qf2 Nd5 23. Bxa6 Ra8 24. Bc4 Nf4 25. Rge1 Rfd8 26. Rxd8+ Rxd8 27. Rd1 Rxd1+ 28. Kxd1 g6 29. Qb6 Qd7+ 30. Kc1 Qc8 31. Qxb4 Qc6 32. Qb3 Kg7 33. a4 Qc5 34. Kb1 Qg1+ 35. Ka2 Qxh2 36. a5 Qg1 37. Qb6 1-0


[Site "https://www.chess.com"]

[Event "Titled Tuesday Blitz November 15 Early 2022"]
[White "Cramling Bellon, Anna"]
[Black "Broca Jimenez, Fernando"]
[WhiteFideId "32009232"]
[BlackFideId "5104742"]
[WhiteElo "1972"]
[BlackElo "2062"]
[Result "1-0"]
[Round "10"]
[TimeControl "180+1"]
[Date "2022.11.16"]
[WhiteClock "0:00:04"]
[BlackClock "0:01:27"]

1. d4 Nf6 2. c4 g6 3. Nc3 Bg7 4. e4 d6 5. h3 O-O 6. Nf3 c5 7. d5 e5 8. Bd3 Nh5 9. g3 Qe8 10. Nb5 Qd8 11. Bd2 a6 12. Nc3 Qe8 13. Be2 Nd7 14. Ng5 Nhf6 15. g4 h6 16. Nf3 Qe7 17. g5 hxg5 18. Bxg5 Qe8 19. Qd2 Nh7 20. Bh6 Ndf6 21. O-O-O Nh5 22. Rdg1 Qe7 23. Bxg7 Kxg7 24. h4 Qf6 25. Ng5 Nxg5 26. hxg5 Qf4 27. Bxh5 Qxd2+ 28. Kxd2 gxh5 29. Rxh5 Bd7 30. Rgh1 Rh8 31. Ke3 Rxh5 32. Rxh5 Kg6 33. Rh6+ Kxg5 34. Rxd6 Bg4 35. f3 Bh3 36. Ne2 f6 37. f4+ exf4+ 38. Nxf4 Bg4 39. Ne6+ Kg6 40. Nxc5 Rc8 41. b4 b5 42. cxb5 axb5 43. Rb6 Re8 44. Rxb5 f5 45. Kf4 Bh3 46. Rb6+ Kh5 47. exf5 Re1 48. Ne6 Rf1+ 49. Ke5 Rf2 50. Rb8 Rxf5+ 51. Kd6 Rf2 52. Rh8+ Kg4 53. Nc5 Rf6+ 54. Kc7 Rf7+ 55. Nd7 Kf4 56. Rxh3 Kg4 57. Rd3 Kf4 58. Rd4+ Ke3 59. Rc4 Kd3 60. Rc6 Rf1 61. Kd6 Rc1 62. Rxc1 1-0


[Site "https://www.chess.com"]

[Event "Titled Tuesday Blitz November 15 Early 2022"]
[White "Csonka, Balazs"]
[Black "Mohamed Anees M"]
[WhiteFideId "742910"]
[BlackFideId "35065815"]
[WhiteElo "2404"]
[BlackElo "2135"]
[Result "1-0"]
[Round "10"]
[TimeControl "180+1"]
[Date "2022.11.16"]
[WhiteClock "0:00:25"]
[BlackClock "0:01:12"]

1. e4 c5 2. Nf3 Nc6 3. Bb5 g6 4. O-O Bg7 5. c3 Nf6 6. Re1 O-O 7. d4 d5 8. e5 Ne4 9. Be3 Qb6 10. Bxc6 Qxc6 11. Nbd2 Nxd2 12. Qxd2 Bg4 13. dxc5 Bxf3 14. gxf3 Rfd8 15. Bd4 Qe6 16. Qd3 Bh6 17. Kg2 Rac8 18. a4 Bf4 19. a5 a6 20. Ra4 Rc6 21. Rb4 Qc8 22. Rb6 e6 23. b4 Rd7 24. b5 axb5 25. Qxb5 Rdc7 26. Rb1 Qd8 27. Rxb7 Qg5+ 28. Kf1 Bxe5 29. Rxc7 Rxc7 30. Qb8+ Kg7 31. Qxc7 1-0


[Site "https://www.chess.com"]

[Event "Titled Tuesday Blitz November 15 Early 2022"]
[White "D`Arruda, Ricardo D."]
[Black "Szpar, Milosz"]
[WhiteFideId "100692"]
[BlackFideId "1184989"]
[WhiteElo "2501"]
[BlackElo "2422"]
[Result "0-1"]
[Round "10"]
[TimeControl "180+1"]
[Date "2022.11.16"]
[WhiteClock "0:00:21"]
[BlackClock "0:01:14"]

1. d4 Nf6 2. Nf3 c5 3. d5 b5 4. a4 b4 5. c4 Bb7 6. Nbd2 e6 7. e4 exd5 8. cxd5 d6 9. Bd3 g6 10. b3 Bg7 11. Bb2 O-O 12. O-O Nbd7 13. Re1 Re8 14. Qc2 Ng4 15. Bxg7 Kxg7 16. Nc4 Qc7 17. Qb2+ f6 18. h3 Nge5 19. Be2 Nxf3+ 20. Bxf3 Ne5 21. Be2 Re7 22. Nd2 g5 23. g3 Rae8 24. f4 gxf4 25. gxf4 Ng6 26. Bh5 Nxf4 27. Bxe8 Nd3 28. Qb1 Nxe1 29. Qxe1 Rxe8 30. Kh2 Kh8 31. Qh4 Qe7 32. Rf1 Qe5+ 33. Kh1 Rf8 34. Rf4 Qa1+ 35. Kg2 Qb2 36. Rf2 Ba6 37. Qf4 Qe5 38. Qh6 Rg8+ 39. Kh1 Qa1+ 40. Nf1 Bxf1 41. Qxf6+ Qxf6 42. Rxf6 Bxh3 43. Rxd6 Bg2+ 44. Kh2 Bxe4 45. Rd7 Bc2 46. d6 Bxb3 47. Rc7 Bxa4 48. Rxc5 Rd8 49. Ra5 Bc2 0-1


[Site "https://www.chess.com"]

[Event "Titled Tuesday Blitz November 15 Early 2022"]
[White "Deev, Andrei"]
[Black "Sarkar, Justin"]
[WhiteFideId "4102690"]
[BlackFideId "2010011"]
[WhiteElo "2283"]
[BlackElo "2239"]
[Result "0-1"]
[Round "10"]
[TimeControl "180+1"]
[Date "2022.11.16"]
[WhiteClock "0:00:11"]
[BlackClock "0:00:39"]

1. e4 c5 2. Nf3 e6 3. c3 Nf6 4. e5 Nd5 5. d4 cxd4 6. cxd4 b6 7. Nc3 Nxc3 8. bxc3 Qc7 9. Bd2 Bb7 10. Bd3 d6 11. O-O Nd7 12. Re1 dxe5 13. Nxe5 Nxe5 14. dxe5 Bc5 15. Bb5+ Bc6 16. Qa4 Bxb5 17. Qxb5+ Qd7 18. Qxd7+ Kxd7 19. a4 Kc6 20. a5 b5 21. a6 Rhd8 22. Be3 Rd3 23. Bxc5 Kxc5 24. Rec1 Rad8 25. Kf1 R8d5 26. Ra5 Kc4 27. Rb1 Rd1+ 28. Rxd1 Rxd1+ 29. Ke2 Rd5 30. f4 Kxc3 31. Ke3 Kc4 32. Ra1 b4 33. Rc1+ Kb5 34. Rc7 Kxa6 0-1


[Site "https://www.chess.com"]

[Event "Titled Tuesday Blitz November 15 Early 2022"]
[White "Dehtiarov, Roman"]
[Black "Petrovic, Aleksa"]
[WhiteFideId "14186640"]
[BlackFideId "967629"]
[WhiteElo "2200"]
[BlackElo "2224"]
[Result "1-0"]
[Round "10"]
[TimeControl "180+1"]
[Date "2022.11.16"]
[WhiteClock "0:00:28"]
[BlackClock "0:00:43"]

1. e4 e6 2. d3 d5 3. Nd2 Nc6 4. g3 Nf6 5. Bg2 dxe4 6. Nxe4 Nxe4 7. Bxe4 e5 8. Ne2 Bh3 9. Be3 Be7 10. Qd2 O-O 11. Ng1 Be6 12. Bg2 f5 13. Ne2 g5 14. f4 gxf4 15. gxf4 Bh4+ 16. Ng3 Bd5 17. O-O-O Bxa2 18. b3 exf4 19. Bxf4 Qd4 20. c3 Qb6 21. Bd5+ Kh8 22. Qxa2 a5 23. Bxc6 Qxc6 24. Be5+ Bf6 25. Bxf6+ Rxf6 26. c4 a4 27. b4 a3 28. Rhf1 b5 29. Rxf5 Rxf5 30. Nxf5 Qf6 31. Ne3 bxc4 32. dxc4 Qf4 33. Qa1+ Kg8 34. Rg1+ Kf7 35. Qg7+ Ke6 36. Qg4+ Qxg4 37. Rxg4 a2 38. Nc2 a1=Q+ 39. Nxa1 Rxa1+ 40. Kb2 Rh1 41. Rh4 Re1 42. Rh6+ Ke5 43. Rxh7 c5 44. Re7+ 1-0


[Site "https://www.chess.com"]

[Event "Titled Tuesday Blitz November 15 Early 2022"]
[White "Demchenko, Anton"]
[Black "Fathy, Elameir"]
[WhiteFideId "4160258"]
[BlackFideId "10600396"]
[WhiteElo "2545"]
[BlackElo "2311"]
[Result "1-0"]
[Round "10"]
[TimeControl "180+1"]
[Date "2022.11.16"]
[WhiteClock "0:00:46"]
[BlackClock "0:00:01"]

1. e4 c5 2. Nf3 d6 3. d4 cxd4 4. Nxd4 Nf6 5. Nc3 a6 6. Bg5 e6 7. f4 Be7 8. Qf3 Qc7 9. O-O-O Nbd7 10. g4 h6 11. Bxf6 Bxf6 12. Bg2 Nb6 13. h4 Bd7 14. g5 Be7 15. Nce2 d5 16. exd5 Nxd5 17. f5 hxg5 18. fxe6 fxe6 19. Qe4 Nf4 20. Kb1 Nxg2 21. Qg6+ Kf8 22. hxg5 Rxh1 23. Rxh1 Kg8 24. Qh7+ Kf7 25. Rf1+ Bf6 26. Rxf6+ Ke7 27. Qxg7+ Kd6 28. Rf2 Ne3 29. Rf3 Nd5 30. g6 Bc6 31. Qh6 Qa5 32. c3 Ne7 33. g7 Bxf3 34. Qxe6+ Kc7 35. Qxe7+ Kb6 36. Qe6+ Ka7 37. Nxf3 Qh5 38. Qe3+ Kb8 39. g8=Q+ 1-0


[Site "https://www.chess.com"]

[Event "Titled Tuesday Blitz November 15 Early 2022"]
[White "Desideri, Ricardo Maruchi"]
[Black "Winkels, Marcel"]
[WhiteFideId "2110440"]
[BlackFideId "1003887"]
[WhiteElo "1945"]
[BlackElo "1900"]
[Result "1/2-1/2"]
[Round "10"]
[TimeControl "180+1"]
[Date "2022.11.16"]
[WhiteClock "0:01:17"]
[BlackClock "0:01:27"]

1. e4 c5 2. Nf3 d6 3. d4 cxd4 4. Nxd4 Nf6 5. Nc3 a6 6. Rg1 h5 7. h3 h4 8. f4 Nc6 9. Be3 Qb6 10. Qd2 Qxb2 11. Rb1 Qa3 12. Nxc6 bxc6 13. e5 dxe5 14. fxe5 Nd5 15. Nxd5 cxd5 16. Qxd5 Qxe3+ 17. Kd1 Bg4+ 18. hxg4 Rd8 19. Rb8 Rxb8 20. Qc6+ Kd8 21. Qd5+ Kc7 22. Qc4+ Kb6 23. Qxa6+ Kc7 24. Qc4+ Kb7 25. Qa6+ Kc7 26. Qc4+ Kd8 27. Qd5+ Ke8 28. Qc6+ Kd8 29. Qd5+ Kc7 30. Qc4+ 1/2-1/2


[Site "https://www.chess.com"]

[Event "Titled Tuesday Blitz November 15 Early 2022"]
[White "Deuer, Marius"]
[Black "Orlov, Georgi"]
[WhiteFideId "16236432"]
[BlackFideId "2011271"]
[WhiteElo "2226"]
[BlackElo "2529"]
[Result "0-1"]
[Round "10"]
[TimeControl "180+1"]
[Date "2022.11.16"]
[WhiteClock "0:01:02"]
[BlackClock "0:01:05"]

1. c4 Nf6 2. Nc3 Nc6 3. d4 e5 4. d5 Ne7 5. Nf3 Ng6 6. g3 Bb4 7. Bg2 Bxc3+ 8. bxc3 d6 9. O-O O-O 10. Nd2 Nd7 11. Ba3 b6 12. e3 f5 13. f4 Qe7 14. fxe5 Ngxe5 15. e4 Nc5 16. Bxc5 bxc5 17. Qe2 Bd7 18. Rae1 Rae8 19. Nf3 Ng6 20. Nd2 f4 21. Qh5 Qf6 22. Rf3 Re5 0-1


[Site "https://www.chess.com"]

[Event "Titled Tuesday Blitz November 15 Early 2022"]
[White "Devaev, Alexander"]
[Black "Ambartsumova, Karina"]
[WhiteFideId "4169395"]
[BlackFideId "4166299"]
[WhiteElo "2225"]
[BlackElo "2319"]
[Result "0-1"]
[Round "10"]
[TimeControl "180+1"]
[Date "2022.11.16"]
[WhiteClock "0:00:01"]
[BlackClock "0:00:14"]

1. d4 Nf6 2. c4 e6 3. Nf3 d5 4. Nc3 Bb4 5. Qb3 Be7 6. Bg5 c6 7. e3 O-O 8. cxd5 exd5 9. Bd3 Nbd7 10. O-O Ne4 11. Bxe7 Qxe7 12. Bxe4 dxe4 13. Nd2 Nf6 14. Qc2 Re8 15. Rac1 Bf5 16. Ne2 Nd5 17. a3 Qg5 18. Kh1 h5 19. Nc3 Nf6 20. Rce1 h4 21. f4 exf3 22. Nxf3 Qh5 23. Qf2 h3 24. Qh4 Qxh4 25. Nxh4 Bd3 26. Rf4 hxg2+ 27. Nxg2 Re7 28. Kg1 Rae8 29. Kf2 Ne4+ 30. Nxe4 Bxe4 31. Re2 Bxg2 32. Kxg2 Rxe3 33. Rxe3 Rxe3 34. Rf2 Rd3 35. Re2 Rxd4 36. Re8+ Kh7 37. b4 Rd2+ 38. Kg1 Rd7 39. Ra8 a6 40. Kf2 Kg6 41. Re8 f6 42. Re3 Kf5 43. Rf3+ Ke4 44. Re3+ Kf4 45. Ke2 g5 46. Rf3+ Ke5 0-1


[Site "https://www.chess.com"]

[Event "Titled Tuesday Blitz November 15 Early 2022"]
[White "Dixit, Nikhil"]
[Black "Tanenbaum, Zachary"]
[WhiteFideId "5059534"]
[BlackFideId "2060850"]
[WhiteElo "2565"]
[BlackElo "2757"]
[Result "0-1"]
[Round "10"]
[TimeControl "180+1"]
[Date "2022.11.16"]
[WhiteClock "0:00:01"]
[BlackClock "0:00:02"]

1. e4 e5 2. Nf3 Nc6 3. Nc3 Nf6 4. d4 exd4 5. Nxd4 Bb4 6. Nxc6 bxc6 7. Bd3 d5 8. exd5 O-O 9. O-O cxd5 10. Bg5 c6 11. Qf3 Be7 12. Rfe1 Be6 13. h3 Rb8 14. Rab1 c5 15. Ne2 d4 16. Nf4 Bxa2 17. Ra1 Rxb2 18. Rxa2 Rxa2 19. Nh5 c4 20. Rxe7 Nxh5 21. Bxh7+ Kxh7 22. Qxh5+ Kg8 23. Re4 Qd6 24. g3 Ra1+ 25. Kh2 Qd5 26. f3 Ra2 27. Rh4 Rxc2+ 28. Kg1 f5 29. Qh7+ Kf7 30. Bh6 Qe5 31. Re4 Qxg3+ 32. Kh1 Qg2# 0-1


[Site "https://www.chess.com"]

[Event "Titled Tuesday Blitz November 15 Early 2022"]
[White "Donchenko, Alexander"]
[Black "Ristic, Nebojsa B"]
[WhiteFideId "24603295"]
[BlackFideId "935468"]
[WhiteElo "2572"]
[BlackElo "2320"]
[Result "1-0"]
[Round "10"]
[TimeControl "180+1"]
[Date "2022.11.16"]
[WhiteClock "0:01:29"]
[BlackClock "0:00:09"]

1. e4 Nc6 2. Nf3 d6 3. Bb5 a6 4. Bxc6+ bxc6 5. h3 c5 6. O-O e5 7. c3 Nf6 8. d4 cxd4 9. cxd4 exd4 10. Qxd4 Be7 11. Nc3 O-O 12. Bg5 h6 13. Bh4 Bb7 14. Rac1 Nd7 15. Bxe7 Qxe7 16. Nd5 Bxd5 17. exd5 Nb6 18. Rfe1 Qd7 19. Red1 Rfc8 20. Rc6 a5 21. Qc3 Na4 22. Qc2 Nc5 23. Nd4 Rcb8 24. Re1 Rb4 25. Nf5 Re8 26. Rxe8+ Qxe8 27. Rxc7 Qe1+ 28. Kh2 Qe5+ 29. Ng3 g6 30. b3 Qxd5 31. Qe2 Ne6 32. Ra7 h5 33. Qe3 h4 34. Nf1 Re4 35. Qf3 Qe5+ 36. Kg1 Rf4 37. Qe3 Qf5 38. Qd2 Rd4 39. Qh6 Qd5 40. Ne3 Qc6 41. Ng4 Rd1+ 42. Kh2 Nf4 43. Nf6# 1-0


[Site "https://www.chess.com"]

[Event "Titled Tuesday Blitz November 15 Early 2022"]
[White "Donskov, Anatoly"]
[Black "Tsaruk, Maksim"]
[WhiteFideId "24143413"]
[BlackFideId "13511173"]
[WhiteElo "2556"]
[BlackElo "2750"]
[Result "0-1"]
[Round "10"]
[TimeControl "180+1"]
[Date "2022.11.16"]
[WhiteClock "0:00:05"]
[BlackClock "0:00:10"]

1. e4 e5 2. Nf3 Nc6 3. Bb5 a6 4. Ba4 b5 5. Bb3 Nf6 6. Qe2 Bb7 7. c3 Be7 8. O-O O-O 9. Rd1 d6 10. d4 Qc8 11. h3 h6 12. Nbd2 Re8 13. Nf1 Bf8 14. Ng3 exd4 15. cxd4 Nb4 16. e5 Bd5 17. Bd2 Bxb3 18. axb3 Nbd5 19. Rac1 Qe6 20. Qd3 Nd7 21. Rc6 Qg6 22. Qe2 Qh7 23. Re1 Re6 24. b4 Rae8 25. Bc3 dxe5 26. dxe5 Rxc6 27. Bd4 Bxb4 28. Rd1 Qc2 29. Qf1 Nf4 30. Be3 Nxe5 31. Nxe5 Rxe5 32. Bxf4 Qxd1 33. Bxe5 Qxf1+ 34. Nxf1 Rc1 35. g3 a5 36. Kg2 Bc5 37. Nd2 Rc2 38. Ne4 a4 39. Bxc7 Bxf2 40. Bf4 Be3+ 41. Kf3 Bxf4 42. gxf4 Rxb2 43. Nd6 a3 0-1


[Site "https://www.chess.com"]

[Event "Titled Tuesday Blitz November 15 Early 2022"]
[White "Dubov, Daniil"]
[Black "Madaminov, Mukhiddin"]
[WhiteFideId "24126055"]
[BlackFideId "14210703"]
[WhiteElo "2791"]
[BlackElo "2341"]
[Result "1-0"]
[Round "10"]
[TimeControl "180+1"]
[Date "2022.11.15"]
[WhiteClock "0:00:02"]
[BlackClock "0:00:02"]

1. e4 e5 2. Nf3 Nc6 3. Bc4 Bc5 4. c3 Nf6 5. d4 exd4 6. cxd4 Bb4+ 7. Nbd2 d5 8. exd5 Nxd5 9. O-O O-O 10. Ne4 Be7 11. Re1 Bg4 12. Ng3 Bf6 13. h3 Bxf3 14. Qxf3 Nb6 15. Bb3 Nxd4 16. Qxb7 Rb8 17. Qe4 Re8 18. Qxe8+ Qxe8 19. Rxe8+ Rxe8 20. Kf1 c5 21. Be3 c4 22. Bd1 Nd5 23. Bd2 Rb8 24. Ne4 Be5 25. Rb1 Ne6 26. Rc1 Rxb2 27. Rxc4 f5 28. Rc8+ Kf7 29. Ng5+ Nxg5 30. Bxg5 Nc3 31. Bb3+ Kg6 32. f4 Nxa2 33. Ba4 Rb1+ 34. Ke2 h6 35. Be8+ Kh7 36. fxe5 hxg5 37. Rc6 Rb6 38. Rxb6 axb6 39. Kd3 g6 40. Kc4 Kg7 41. Kd5 Nc3+ 42. Kd6 Ne4+ 43. Ke7 Nc3 44. e6 Nd5+ 45. Kd6 Kf8 46. Bxg6 Ne7 47. Bh5 b5 48. Be2 b4 49. Bc4 Ng6 50. Bd3 Ne7 51. Bc2 Ke8 52. Ke5 f4 53. Kf6 Nd5+ 54. Kxg5 Ne3 55. Bb3 Nxg2 56. Kf6 1-0


[Site "https://www.chess.com"]

[Event "Titled Tuesday Blitz November 15 Early 2022"]
[White "Durarbayli, Vasif"]
[Black "Kosteniuk, Alexandra"]
[WhiteFideId "13402935"]
[BlackFideId "4128125"]
[WhiteElo "2586"]
[BlackElo "2469"]
[Result "1-0"]
[Round "10"]
[TimeControl "180+1"]
[Date "2022.11.15"]
[WhiteClock "0:00:07"]
[BlackClock "0:00:03"]

1. e4 e5 2. Nf3 Nf6 3. Nxe5 d6 4. Nf3 Nxe4 5. d4 d5 6. Bd3 Bd6 7. O-O O-O 8. Re1 Bf5 9. Nc3 Nxc3 10. bxc3 Bg6 11. Bxg6 fxg6 12. Qd3 Nd7 13. c4 dxc4 14. Qxc4+ Kh8 15. Bg5 Qc8 16. Qd3 Rf5 17. c4 Qg8 18. c5 Bf8 19. Bh4 Qd5 20. Qe3 h6 21. Bg3 g5 22. Bxc7 Rc8 23. Bg3 Rc6 24. Qe8 Kh7 25. Ne5 Re6 26. Qc8 Qxd4 27. Nxd7 Rxe1+ 28. Rxe1 Bxc5 29. Nxc5 Rxc5 30. Qxb7 Rc2 31. Qb1 Qd3 32. Rc1 Rxc1+ 33. Qxc1 h5 34. h4 gxh4 35. Bxh4 Qe4 36. Bg3 h4 37. Bf4 h3 38. gxh3 Qf3 39. Bg3 Qf5 40. h4 Qe4 41. a3 a5 42. Qe3 Qb1+ 43. Kg2 a4 44. Qf3 Qb3 45. h5 Qe6 46. Kh2 Kg8 47. Qf4 Qd5 48. Qg4 Qf7 49. h6 1-0


[Site "https://www.chess.com"]

[Event "Titled Tuesday Blitz November 15 Early 2022"]
[White "Dushyant Sharma"]
[Black "Sakun, Volodymyr"]
[WhiteFideId "25065130"]
[BlackFideId "14114062"]
[WhiteElo "2270"]
[BlackElo "2319"]
[Result "0-1"]
[Round "10"]
[TimeControl "180+1"]
[Date "2022.11.16"]
[WhiteClock "0:00:35"]
[BlackClock "0:00:59"]

1. e4 c5 2. Nf3 e6 3. d4 cxd4 4. Nxd4 a6 5. Nc3 Qc7 6. Be3 Nf6 7. f4 Bb4 8. Bd3 Bxc3+ 9. bxc3 Qxc3+ 10. Kf2 Nc6 11. Nxc6 Qxc6 12. Qf3 d5 13. e5 Ne4+ 14. Kg1 O-O 15. h4 f6 16. exf6 Rxf6 17. Bxe4 dxe4 18. Qe2 b5 19. Kh2 Bb7 20. Rad1 Qc7 21. Rhf1 Bd5 22. g3 Bxa2 23. Bd4 Rff8 24. Qxe4 Bd5 25. Qe3 Qxc2+ 26. Rd2 Qf5 27. Rc1 Rfc8 28. Rxc8+ Rxc8 29. Qa3 Rc2 30. Qa5 Rxd2+ 31. Qxd2 Qe4 32. g4 Qh1+ 33. Kg3 Qf3+ 34. Kh2 Qxg4 35. Qf2 b4 36. Be5 b3 37. h5 Qxh5+ 38. Kg3 Qg6+ 39. Kh4 h6 40. Qc5 Bf3 41. Qg1 Qxg1 0-1


[Site "https://www.chess.com"]